 Dungeon Crawl Stone Soup version 0.27-a0-46-g34d46f0a3f (webtiles) character file.

Game seed: 16796495833788115348

439 Borgoz the Skirmisher (level 7, -6/60 HPs)
             Began as a Ghoul Monk on Jan 6, 2021.
             Was a Believer of Okawaru.
             Mangled by Duvessa
             ... wielding a +0 rapier of venom
              (10 damage)
             ... on level 4 of the Dungeon.
             The game lasted 00:05:11 (4151 turns).

Borgoz the Skirmisher (Ghoul Monk)                  Turns: 4151, Time: 00:05:12

Health: -6/60      AC:  7    Str: 17    XL:     7   Next: 1%
Magic:  7/7        EV: 12    Int:  5    God:    Okawaru [**....]
Gold:   212        SH:  0    Dex: 11    Spells: 6/6 levels left

rFire    . . .     SeeInvis .   a - +2 falchion
rCold    + . .     Faith    .   (no shield)
rNeg     + + +     Spirit   .   f - +1 ring mail
rPois    ∞         Reflect  .   (no helmet)
rElec    .         Harm     .   i - +0 cloak
rCorr    .         Rampage  .   (no gloves)
Will     .....                  (no boots)
Stlth    +.........             (no amulet)
HPRegen  0.00/turn              (no ring)
MPRegen  0.10/turn              (no ring)

@: attractive, hasted, very quick
A: claws 1, cold resistance 1, negative energy resistance 3, inhibited
regeneration, torment resistance, unbreathing
a: Renounce Religion, Heroism


You were on level 4 of the Dungeon.
You worshipped Okawaru.
Okawaru was pleased with you.
You visited 1 branch of the dungeon, and saw 4 of its levels.

You collected 212 gold pieces.

Inventory:

Hand Weapons
 a - a +2 falchion (weapon)
Armour
 f - a +1 ring mail (worn)
 i - a +0 cloak (worn)
Jewellery
 g - an uncursed amulet of guardian spirit
Wands
 o - a wand of enslavement (13)
Scrolls
 b - 3 scrolls of enchant weapon
 e - 2 scrolls of magic mapping
 j - a scroll of identify
 m - a scroll of remove curse
Potions
 d - a potion of brilliance
 n - a potion of flight


   Skills:
 + Level 4.4 Fighting
 * Level 4.3 Long Blades
 + Level 2.1 Armour
 * Level 4.3 Dodging
 - Level 2.1 Stealth
 + Level 2.1 Invocations


You had 6 spell levels left.
You didn't know any spells.
Your spell library contained the following spells:

 Spells                   Type           Power        Failure   Level
 Animate Skeleton         Necr           0%           67%         1
 Apportation              Tloc           0%           67%         1
 Corona                   Hex            0%           67%         1
 Summon Small Mammal      Summ           0%           67%         1


Dungeon Overview and Level Annotations

Branches:
Dungeon (4/15)
 Temple: D:4-7

Altars:
Okawaru
Qazlal
Wu Jian

Annotations:
D:4 Dowan, Duvessa


Innate Abilities, Weirdness & Mutations

You thrive by killing the living.
You are immune to poison.
You have sharp fingernails.
Your flesh is cold resistant. (rC+)
You are immune to negative energy. (rN+++)
You do not regenerate when monsters are visible.
You are immune to unholy pain and torment.
You can survive without breathing.


Message History

Duvessa hits you with a +0 rapier of venom.
* * * LOW HITPOINT WARNING * * *
Dowan hits you with a +0 dagger.
* * * LOW HITPOINT WARNING * * *
You closely miss Duvessa.
Duvessa is almost dead.
Duvessa hits you with a +0 rapier of venom.
* * * LOW HITPOINT WARNING * * *
Dowan hits you but does no damage.
Blink to where?
Press: ? - help, Dir - move target
As you read the scroll of blinking, it crumbles to dust.
Duvessa is pulled toward you! Dowan is pulled toward you!
Duvessa is pulled toward you! Dowan is pulled toward you!
You hit Duvessa.
Duvessa is almost dead.
Dowan points at you and mumbles some strange words.
You resist with some effort. Dowan is pulled toward you!
Duvessa hits you with a +0 rapier of venom!
You die...

#......##
.....#...## #
#...####...#.
##..# #... # ..#
#.## ##.. ..#
#..### ##...# #.#
#....###....##
#.#
##.##.........#
#.##
###..####@.##...
###..###..<##
#.e# .##
.....#......#
##e# ..#
#......####.#
#.## ..# ####.###
.# #..# #..## #.#
..# ##.##....###
#.# ....
##.......... ..#
.##..#...........
...
##..............


You could see Duvessa (fast) and Dowan.

Vanquished Creatures
  A bullfrog skeleton (D:3)
  3 orc priests (D:4)
  An orc wizard (D:4)
  3 worker ants (D:4)
  5 adders
  8 gnolls
  An ooze (D:3)
  A worm (D:3)
  2 dart slugs
  4 leopard geckos
  11 orcs
  A ball python (D:2)
  3 giant cockroaches
  14 goblins
  5 hobgoblins
  6 kobolds
  2 quokkas
  4 bats
  3 frilled lizards
  8 rats
86 creatures vanquished.

Notes
Turn   | Place    | Note
-------+----------+-------------------------------------------
     0 | D:1      | Borgoz the Ghoul Monk began the quest for the Orb.
     0 | D:1      | Reached XP level 1. HP: 19/19 MP: 0/0
    88 | D:1      | Reached XP level 2. HP: 19/26 MP: 1/1
  1156 | D:2      | Found a stormy altar of Qazlal.
  1167 | D:2      | Reached XP level 3. HP: 23/31 MP: 2/2
  1523 | D:2      | Found an iron altar of Okawaru.
  1537 | D:2      | Became a worshipper of Warmaster Okawaru
  1537 | D:2      | Reached * piety under Okawaru
  1537 | D:2      | Reached ** piety under Okawaru
  1618 | D:2      | Reached skill level 1 in Armour
  1666 | D:2      | Found a faded altar of an unknown god.
  2036 | D:3      | Reached XP level 4. HP: 40/40 MP: 3/3
  2371 | D:3      | Reached XP level 5. HP: 46/46 MP: 4/4
  2400 | D:3      | Reached skill level 1 in Invocations
  2975 | D:3      | Reached XP level 6. HP: 48/52 MP: 6/6
  3012 | D:3      | Found an ornate altar of the Wu Jian Council.
  3999 | D:4      | Reached XP level 7. HP: 47/60 MP: 7/7
  4125 | D:4      | Noticed Duvessa
  4126 | D:4      | Noticed Dowan
  4151 | D:4      | Mangled by Duvessa

Illustrated notes

Levels and vault maps discovered:
D:1:      heliophobic_arrival_henge, layout_basic
D:2:      layout_loops_ring, okawaru_gym_becter, old_standard_altar,
          chequers_ecumenical_altar_lobes, hex_tiny, minmay_cut_off
D:3:      layout_rooms, old_standard_altar
D:4:      layout_layer_cave, kennysheep_mini, uniq_duvessa

Skill      XL: |  1  2  3  4  5  6 |
---------------+-------------------+-----
Dodging        | 3 4 |  4.3
Long Blades    | 3 4 |  4.3
Armour         | 1 2 |  2.1
Invocations    | 1 2 |  2.1
Fighting       | 4 |  4.4
Stealth        | |  2.1

Action                   |  1- 3 |  4- 6 |  7- 9 || total
-------------------------+-------+-------+-------++-------
Melee: Falchion          |    93 |   216 |    15 ||   324
Invok: Heroism           |       |     1 |       ||     1
  Use: Scroll            |    10 |     2 |     3 ||    15
       Potion            |     1 |     3 |     2 ||     6
 Stab: Sleeping          |     2 |       |       ||     2
Armor: Robe              |     5 |       |       ||     5
       Ring mail         |    27 |   105 |     5 ||   137
Dodge: Dodged            |    51 |   197 |    10 ||   258
       Rpst.: Falchion   |    16 |    61 |     2 ||    79

Table legend: (Time is in decaauts)
 A = Elapsed time spent in this place.
 B = Non-inter-level travel time spent in this place.
 C = Inter-level travel time spent in this place.
 D = Time resting spent in this place.
 E = Time spent auto-exploring this place.
 F = Levels seen in this place.
 G = Mean time per level.
                   A        B        C        D        E       F      G
               +--------+--------+--------+--------+--------+-----+--------+
         Total |   4183 |   4133 |     50 |   1016 |   2336 |   4 | 1045.8 |
       Dungeon |   4183 |   4133 |     50 |   1016 |   2336 |   4 | 1045.8 |
               +--------+--------+--------+--------+--------+-----+--------+

Top non-repeatable levels by time:
     D:2: 1280 daAuts
     D:1: 1083 daAuts
     D:4: 977 daAuts
     D:3: 841 daAuts
